 Dungeon Crawl Stone Soup version bcrawl-1.37.2 (webtiles) character file.

Game seed: 11666756413465883126

278667 zoran the Stinger (level 10, -1/81 HPs)
             Began as a Hill Orc Venom Mage on Dec 26, 2022.
             Was an Elder of Sif Muna.
             Killed by divine providence
             ... invoked by an orc priest
              (10 damage)
             ... on level 8 of the Dungeon.
             The game lasted 00:27:57 (7955 turns).

zoran the Stinger (Hill Orc Venom Mage)             Turns: 7955, Time: 00:27:57

Health: -1/81      AC:  4    Str: 12    XL:     10   Next: 19%
Magic:  13/26      EV: 14    Int: 18    God:    Sif Muna [****..]
Gold:   183        SH:  0    Dex: 11    Spells: 9/19 levels left

rFire    + . .     GDR:     28% x - staff of poison
rCold    . . .     SeeInvis .   (no shield)
rNeg     . . .     Gourm    .   a - +0 robe
rPois    +         Faith    .   m - +1 helmet
rElec    .         Spirit   .   (no cloak)
rCorr    .         Reflect  .   (no gloves)
MR       .....                  (no boots)
Stlth    ++........             v - amulet of regeneration
HPRegen  0.62/turn              h - ring of protection from fire
MPRegen  0.20/turn              w - ring of magical power

@: very slightly contaminated
A: no striking features
a: Divine Energy, Channel Magic, Forget Spell, Renounce Religion, Convert to
Beogh


You were on level 8 of the Dungeon.
You worshipped Sif Muna.
Sif Muna was greatly pleased with you.
You were hungry.

You visited 1 branch of the dungeon, and saw 8 of its levels.
You also visited: Sewer.

You collected 540 gold pieces.
You spent 357 gold pieces at shops.

Inventory:

Hand Weapons
 t - a +4 spear of flaming
 C - a +0 broad axe
Armour
 a - a +0 robe (worn)
 m - a +1 helmet (worn)
 r - a +0 cloak
 z - a +0 pair of boots
Magical Staves
 x - an uncursed staff of poison (weapon)
Jewellery
 h - a ring of protection from fire (left hand)
 u - an uncursed ring of positive energy
 v - an amulet of regeneration (around neck)
 w - a ring of magical power (right hand)
Wands
 G - a wand of acid (6)
Scrolls
 f - 6 scrolls of remove curse
 g - a scroll of blinking
 l - 2 scrolls of teleportation
 q - a scroll of enchant weapon
 s - 2 scrolls of noise
 E - a scroll of vulnerability
Potions
 b - 2 potions of invisibility
 c - 2 potions of berserk rage
 d - 2 potions of lignification
 j - a potion of flight
 k - a potion of agility
 n - a potion of might {unknown}
 o - a potion of resistance
 p - 4 potions of haste
 A - 2 potions of curing
 B - 2 potions of mutation
 D - 2 potions of heal wounds
Comestibles
 e - 7 rations {!d}


   Skills:
 - Level 5.0 Fighting
   Level 5.0 Short Blades
   Level 5.0 Long Blades
   Level 5.0 Axes
   Level 5.0 Maces & Flails
   Level 5.0 Polearms
   Level 5.0 Staves
 - Level 5.0 Armour
 - Level 5.0 Dodging
 - Level 2.0 Stealth
   Level 5.0 Unarmed Combat
 - Level 5.0 Spellcasting
 - Level 5.0 Conjurations
 - Level 2.0 Transmutations
 - Level 2.0 Fire Magic
 - Level 1.0 Air Magic
 + Level 5.4 Poison Magic
 + Level 3.7 Invocations
 + Level 3.4 Evocations


You had 9 spell levels left.
You knew the following spells:

 Your Spells              Type           Power        Failure   Level  Hunger
q - Poisonous Vapours     Pois/Air       ###...       5%          2    None
r - Olgreb's Toxic Radia  Pois           #####....    14%         4    None
s - Ignite Poison         Fire/Tmut/Pois ###.....     11%         3    None
z - Sting                 Conj/Pois      ####         1%          1    None

Your spell library contained the following spells:

 Spells                   Type           Power        Failure   Level  Hunger
 Static Discharge         Air            #.....       9%          1    None
 Slow                     Hex            #.......     13%         1    None
 Dazzling Orbs            Conj/Hex       ##.....      14%         3    ###....
 Ensorcelled Hibernation  Hex/Ice        #.....       21%         2    None
 Confuse                  Hex            #.......     36%         3    ###....
 Tukima's Dance           Hex            #.......     36%         3    ###....
 Lightning Bolt           Conj/Air       ###.....     36%         4    #####..
 Summon Scorpions         Summ/Pois      ###.....     41%         4    None
 Venom Bolt               Conj/Pois      ####......   41%         5    None
 Airstrike                Air            #.........   65%         4    #####..
 Cause Fear               Hex            #.........   78%         4    #####..
 Silence                  Hex/Air        #.........   96%         5    ######.
 Summon Lightning Spire   Summ/Air       #.......     96%         5    ######.
 Conjure Ball Lightning   Conj/Air       ###.......   99%         6    #######
 Deflect Missiles         Chrm/Air       #.........   100%        6    #######
 Chain Lightning          Conj/Air       ###.......   100%        8    #######
 Tornado                  Tloc/Air       #.........   100%        8    #######


Dungeon Overview and Level Annotations

Branches:
Dungeon (8/12)             Temple (0/1) D:7             Orc (0/1) D:8
   Lair: D:7-9

Altars:
Ru
Sif Muna
Xom

Shops:
D:6 !   D:7 %


Message History

The orc priest is engulfed in poison gas.
The orc priest looks more poisoned.
The orc warrior hits you with a +0 long sword!
The wolf spider zombie barely misses you.
The wolf spider zombie bites you.
The orc priest shouts, "Surrender to Beogh and we'll let you live!"
The orc warrior hits you with a +0 long sword.
The orc priest calls down the wrath of Beogh upon you.
Beogh smites you!
* * * LOW HITPOINT WARNING * * *
The wolf spider zombie hits you!
* * * LOW HITPOINT WARNING * * *
The wolf spider zombie bites you but does no damage.
Blink to where?
Press: ? - help, Dir - move target cursor, p - orc priest You are very lightly contaminated with residual magic.
As you read the scroll of blinking, it crumbles to dust.
The orc priest calls down the wrath of Beogh upon you.
Beogh smites you!
You die...

#...S.........
#.....#......
#.............
#.....oo)....
#.............
#.....#......
#............. #..Z..#
.o... #...##...#####
##§o### ....
#...####+###.######..#
##'
#..........#.........#
#(.........#.........#
#..$<(.$...#....@....#
#########+##'#####...#
#......##### #......#
#......# #......#
########


You could see an orc warrior, an orc priest and a wolf spider zombie.

Vanquished Creatures
  A cyclops (D:8)
  An orc knight (D:8)
  A troll (D:6)
  A hippogriff (D:6)
  A wraith (D:7)
  A yak (D:7)
  A hungry ghost (D:6)
  A crocodile (D:7)
  A phantom (D:7)
  2 black bears
  3 orc warriors
  3 ogres
  A bullfrog (Sewer)
  A centaur (D:7)
  A scorpion (D:8)
  A water moccasin skeleton (D:6)
  An orc priest (D:6)
  7 crimson imps
  3 hounds
  A jelly (D:8)
  Terence (D:2)
  A bullfrog skeleton (D:5)
  3 iguanas
  3 orc wizards (D:6)
  3 worker ants
  2 hound zombies (D:6)
  A hound skeleton (D:6)
  A howler monkey zombie (D:6)
  2 worker ant zombies (D:5)
  Robin (D:2)
  8 gnolls
  4 adders
  A shadow imp (D:4)
  An ooze (D:4)
  An adder zombie (D:6)
  2 adder skeletons
  8 worms
  4 dart slugs
  8 leopard geckos
  23 orcs
  8 giant cockroaches
  15 goblins
  13 hobgoblins
  7 jackals
  5 quokkas
  2 ball pythons
  6 bats
  10 frilled lizards
  11 kobolds
  5 rats
193 creatures vanquished.

Vanquished Creatures (others)
  A howler monkey (D:4)
  An orc (D:4)
  A fungus (D:8)
3 creatures vanquished.

Grand Total: 196 creatures vanquished

Notes
Turn   | Place    | Note
-------+----------+-------------------------------------------
     0 | D:1      | zoran the Hill Orc Venom Mage began the quest for the Orb.
     0 | D:1      | Reached XP level 1. HP: 14/14 MP: 3/3
   222 | D:1      | Reached XP level 2. HP: 10/20 MP: 0/5
   566 | D:1      | Learned a level 2 spell: Poisonous Vapours
   655 | D:1      | Reached XP level 3. HP: 24/26 MP: 3/6
  1142 | D:2      | Noticed Robin
  1148 | D:2      | Killed Robin
  1172 | D:2      | Reached XP level 4. HP: 16/34 MP: 0/7
  1538 | D:2      | Noticed Terence
  1570 | D:2      | Killed Terence
  1571 | D:2      | Reached XP level 5. HP: 29/39 MP: 0/9
  1679 | D:2      | Found a shimmering blue altar of Sif Muna.
  1808 | D:2      | Became a worshipper of Sif Muna the Loreminder
  1865 | D:2      | Learned a level 3 spell: Ignite Poison
  2128 | D:3      | Reached skill level 1 in Fighting
  2594 | D:3      | Noticed an ogre
  2617 | D:3      | Killed an ogre
  2618 | D:3      | Reached skill level 1 in Fire Magic
  2618 | D:3      | Reached skill level 1 in Air Magic
  2618 | D:3      | Reached XP level 6. HP: 46/47 MP: 0/10
  2621 | D:3      | Reached * piety under Sif Muna
  3222 | D:4      | Reached skill level 1 in Transmutations
  3339 | D:4      | Received a gift from Sif Muna
  3548 | D:4      | Found a glowing drain.
  3577 | Sewer    | Entered a sewer
  3634 | Sewer    | Reached XP level 7. HP: 52/52 MP: 5/12
  3780 | Sewer    | Reached ** piety under Sif Muna
  4021 | D:4      | Found a shimmering altar of Xom.
  4619 | D:5      | Entered Level 5 of the Dungeon
  4892 | D:5      | Found a sacrificial altar of Ru.
  5039 | D:5      | Reached XP level 8. HP: 58/61 MP: 14/14
  5072 | D:5      | Reached *** piety under Sif Muna
  5692 | D:6      | Noticed a hippogriff
  5703 | D:6      | Killed a hippogriff
  5704 | D:6      | Reached skill level 1 in Armour
  5704 | D:6      | Reached skill level 5 in Poison Magic
  5878 | D:6      | Noticed a troll
  5923 | D:6      | Killed a troll
  5924 | D:6      | Reached skill level 5 in Spellcasting
  5957 | D:6      | Identified a scroll of acquirement
  5958 | D:6      | Identified the +0 pair of boots of Urghucui {rN+} (You
                  | acquired it on level 6 of the Dungeon)
  5958 | D:6      | Identified the Almanac of the Entrancing Voyage (You
                  | acquired it on level 6 of the Dungeon)
  6104 | D:6      | Reached XP level 9. HP: 69/69 MP: 12/16
  6755 | D:6      | Found Cifeu's Distillery.
  6764 | D:6      | Bought a potion of lignification for 42 gold pieces
  6764 | D:6      | Bought a potion of curing for 35 gold pieces
  6764 | D:6      | Bought 2 potions of heal wounds for 140 gold pieces
  6764 | D:6      | Bought a potion of haste for 140 gold pieces
  6918 | D:7      | Reached skill level 5 in Conjurations
  7379 | D:7      | Found a staircase to the Ecumenical Temple.
  7547 | D:7      | Found Gewiqiuj's Food Shoppe.
  7643 | D:8      | Found a staircase to the Orcish Mines.
  7651 | D:8      | Noticed a cyclops
  7651 | D:8      | Noticed a deep elf mage
  7651 | D:8      | Noticed a gargoyle
  7652 | D:8      | Noticed a gargoyle
  7653 | D:8      | Noticed a green ugly thing
  7653 | D:8      | Noticed a centaur warrior
  7655 | D:8      | Noticed a rakshasa
  7658 | D:8      | Killed a cyclops
  7659 | D:8      | Reached skill level 5 in Armour
  7659 | D:8      | Reached skill level 5 in Dodging
  7659 | D:8      | Noticed an orc knight
  7659 | D:8      | Noticed a mana viper
  7748 | D:7      | Learned a level 4 spell: Olgreb's Toxic Radiance
  7774 | D:7      | Reached XP level 10. HP: 55/80 MP: 10/17
  7835 | D:8      | Identified the ring "Bobbimats" {rPois rF+ Stlth++}
  7844 | D:8      | Noticed a mana viper
  7856 | D:8      | Killed an orc knight
  7857 | D:8      | Reached skill level 5 in Fighting
  7940 | D:8      | Reached **** piety under Sif Muna
  7955 | D:8      | Killed from afar by an orc priest

Skill      XL: |  1  2  3  4  5  6  7  8  9 10 |
---------------+-------------------------------+-----
Stealth        | 2 |  2.0
Poison Magic   | 3 4 5 |  5.4
Dodging        | 2 3 5 |  5.0
Conjurations   | 2 3 4 5 |  5.0
Spellcasting   | 3 4 5 |  5.0
Fighting       | 1 2 3 4 5 |  5.0
Fire Magic     | 1 2 |  2.0
Air Magic      | 1 |  1.0
Transmutations | 1 2 |  2.0
Armour         | 2 5 |  5.0
Invocations    | 2 3 |  3.7
Evocations     | 2 3 |  3.4
Short Blades   | |  5.0
Long Blades    | |  5.0
Axes           | |  5.0
Maces & Flails | |  5.0
Polearms       | |  5.0
Staves         | |  5.0
Unarmed Combat | |  5.0

Action                   |  1- 3 |  4- 6 |  7- 9 | 10-12 || total
-------------------------+-------+-------+-------+-------++-------
Melee: Unarmed           |    26 |    12 |       |       ||    38
       Spear             |       |   113 |   172 |       ||   285
       Punch             |       |       |     2 |       ||     2
       Staff             |       |       |    68 |       ||    68
       Broad axe         |       |       |    26 |       ||    26
 Cast: Sting             |    70 |    55 |    28 |       ||   153
       Poisonous Vapours |     3 |    23 |   104 |    10 ||   140
       Ignite Poison     |       |       |    10 |     1 ||    11
       Olgreb's Toxic Ra |       |       |     2 |     2 ||     4
Evoke: Wand              |       |       |     1 |       ||     1
  Use: Scroll            |       |     2 |    13 |     2 ||    17
 Stab: Sleeping          |       |     4 |     3 |       ||     7
       Distracted        |       |       |     1 |       ||     1
  Eat: Chunk             |     2 |    15 |    19 |       ||    36
       Ration            |       |       |     3 |       ||     3
Armor: Robe              |    10 |    21 |    78 |     2 ||   111
Dodge: Dodged            |    30 |    57 |   188 |     9 ||   284
